[Event "Titled Tuesday Blitz January 31 Late 2023"]
[White "Gurevich, Dmitry"]
[Black "Klose, Eli"]
[WhiteFideId "2000407"]
[BlackFideId "16242955"]
[WhiteElo "2393"]
[BlackElo "1519"]
[Result "0-1"]
[Round "11"]
[TimeControl "180+2"]
[Date "2023.02.01"]
[WhiteClock "0:00:02"]
[BlackClock "0:00:03"]

1. d4 Nf6 2. c4 c5 3. Nf3 cxd4 4. Nxd4 Nc6 5. Nc3 d6 6. g3 Bd7 7. Bg2 Qc8 8. O-O Bh3 9. Bg5 h5 10. Nxc6 bxc6 11. Qa4 Bxg2 12. Kxg2 h4 13. Bxf6 hxg3 14. hxg3 gxf6 15. Rh1 Rg8 16. Rh4 Rb8 17. b3 Qb7 18. Rah1 Bg7 19. Re4 f5 20. Re3 Kf8 21. f3 e6 22. Rd3 c5 23. Nb5 Be5 24. Rh3 Rd8 25. Kf2 a6 26. Nc3 Ke7 27. Qa3 Rh8 28. Rxh8 Rxh8 29. Qc1 Qa8 30. Qg5+ Bf6 31. Qf4 Qb8 32. e3 Be5 33. Qg5+ Bf6 34. Qf4 Rh2+ 35. Kg1 Rh5 36. g4 Rh4 37. Qg3 Rh7 38. g5 Be5 39. f4 Bxc3 40. Rxc3 Qh8 41. Qg2 Qxc3 42. g6 Rg7 43. Qg5+ Qf6 0-1


[Site "https://www.chess.com"]

[Event "Titled Tuesday Blitz January 31 Late 2023"]
[White "Blomqvist, Erik"]
[Black "Pein, Jonathan"]
[WhiteFideId "1709437"]
[BlackFideId "417092"]
[WhiteElo "2523"]
[BlackElo "2265"]
[Result "1-0"]
[Round "11"]
[TimeControl "180+2"]
[Date "2023.02.01"]
[WhiteClock "0:01:10"]
[BlackClock "0:01:00"]

1. e4 e5 2. Nf3 d6 3. d4 exd4 4. Nxd4 Nf6 5. Nc3 g6 6. Bf4 Bg7 7. Qd2 Nc6 8. Nxc6 bxc6 9. e5 Qe7 10. O-O-O dxe5 11. Bxe5 O-O 12. f4 Be6 13. Ba6 Rab8 14. Qd4 Rb4 15. Qxa7 Rfb8 16. Qxc7 Qc5 17. Rd8+ Rxd8 18. Qxd8+ Qf8 19. Qxf8+ Kxf8 20. Bd6+ Ke8 21. Bxb4 Ng4 22. h3 Ne3 23. g4 Kd7 24. Re1 Bh6 25. g5 Ng2 26. Rd1+ Kc7 27. gxh6 Bxh3 28. Ba5+ Kb8 29. Bb6 Nxf4 30. Rd8+ Bc8 31. Rxc8# 1-0


[Site "https://www.chess.com"]

[Event "Titled Tuesday Blitz January 31 Late 2023"]
[White "Fiorito, Joaquin"]
[Black "Prydun, Andriy"]
[WhiteFideId "180173"]
[BlackFideId "14145898"]
[WhiteElo "2405"]
[BlackElo "2134"]
[Result "0-1"]
[Round "11"]
[TimeControl "180+2"]
[Date "2023.02.01"]
[WhiteClock "0:01:32"]
[BlackClock "0:00:18"]

1. d4 Nf6 2. Nc3 d5 3. Bf4 c5 4. e4 Nxe4 5. Bb5+ Nc6 6. Nxe4 dxe4 7. Ne2 cxd4 8. Bxc6+ bxc6 9. Nxd4 e5 10. Nxc6 Qxd1+ 11. Rxd1 Bg4 12. Rd5 exf4 13. O-O Be7 14. Re5 Be6 15. Rxe4 Bg5 16. Nd4 O-O-O 17. c3 Bd5 18. Re5 Bf6 19. Ree1 Bxd4 20. cxd4 Bxa2 21. Ra1 Bd5 22. Rxa7 Kb8 23. Ra5 Rhe8 24. Rb5+ Kc7 25. Rc1+ Kd6 26. h4 Rb8 27. Ra5 Ra8 28. Rac5 Reb8 29. R1c2 Ra2 30. Re2 Rbxb2 31. Re5 Bb7 32. Rg5 f3 33. gxf3 Rxf2 34. Rcf5 Rfb2 35. Kh1 Rb1+ 36. Rg1 Rxg1+ 37. Kxg1 f6 38. h5 h6 39. Rb5 Bd5 40. f4 Rg2+ 41. Kf1 Rd2 42. Rb4 Rh2 43. Rb6+ Kc7 44. Rb5 Kc6 45. Rc5+ Kd6 46. Rb5 Bc4+ 47. Kg1 Bxb5 48. Kxh2 Kd5 49. Kg3 Kxd4 50. Kg4 Bd3 51. Kf3 Bf5 52. Kg3 Kd3 53. Kh4 Ke3 54. Kg3 Ke4 55. Kh4 Bh7 56. Kg4 f5+ 57. Kg3 Bg8 58. Kf2 Kxf4 59. Kg2 Kg5 60. Kh3 Kxh5 61. Kg3 Kg6 62. Kf4 Kf6 63. Kg3 g5 64. Kf3 f4 65. Ke2 Kf5 66. Kf1 Kg4 67. Kg2 f3+ 68. Kg1 Kf4 69. Kh1 Ke3 70. Kh2 Ke2 71. Kg3 f2 72. Kh2 f1=Q 73. Kg3 Qf3+ 74. Kh2 g4 75. Kg1 Qf2+ 76. Kh1 Bd5# 0-1


[Site "https://www.chess.com"]

[Event "Titled Tuesday Blitz January 31 Late 2023"]
[White "Diaz Perez, Michel Alejandro"]
[Black "Gutkin, Ilya"]
[WhiteFideId "3517179"]
[BlackFideId "16203470"]
[WhiteElo "2414"]
[BlackElo "2273"]
[Result "0-1"]
[Round "11"]
[TimeControl "180+2"]
[Date "2023.02.01"]
[WhiteClock "0:00:03"]
[BlackClock "0:00:03"]

1. e4 c5 2. Nf3 Nc6 3. Bb5 g6 4. O-O Bg7 5. c3 Nf6 6. d4 d5 7. e5 Ne4 8. Ne1 h6 9. Be3 O-O 10. f3 Ng5 11. Qd2 Ne6 12. Bxc6 bxc6 13. Bxh6 cxd4 14. Bxg7 Kxg7 15. cxd4 Qb6 16. Nc2 Qxb2 17. Nc3 Nxd4 18. Qxd4 Qxc2 19. e6+ f6 20. Rae1 Qf5 21. Qc5 Ba6 22. Qxe7+ Kh6 23. Rf2 Rae8 24. Qxa7 Rxe6 25. Rxe6 Qxe6 26. Qxa6 Qe1+ 27. Rf1 Qxc3 28. Qb6 Ra8 29. a4 Rxa4 30. Qd8 Qd4+ 31. Kh1 Ra1 32. Qh8+ Kg5 33. h4+ Kf4 34. Rxa1 Qxa1+ 35. Kh2 Qe5 36. Qh6+ Kf5+ 37. Kh3 d4 38. Qf8 Qd5 39. Qc8+ Kf4 40. Qc7+ Ke3 41. Qe7+ Qe5 42. Qa3+ d3 43. Qb3 Ke2 44. Qc4 Ke3 45. Qb3 Kf2 46. Qb6+ Qe3 47. Qxc6 d2 48. Qd7 Qe1 49. Qd4+ Qe3 50. Qd7 Ke2 51. Qb5+ Ke1 52. Qb1+ d1=Q 53. Qb4+ Qdd2 54. Qb1+ Kf2 55. Qxg6 Qd7+ 56. Kh2 Qe5+ 57. Kh1 Qd1# 0-1


[Site "https://www.chess.com"]

[Event "Titled Tuesday Blitz January 31 Late 2023"]
[White "Tanenbaum, Zachary"]
[Black "Novikov, Evgenij"]
[WhiteFideId "2060850"]
[BlackFideId "4125380"]
[WhiteElo "2261"]
[BlackElo "2276"]
[Result "1-0"]
[Round "11"]
[TimeControl "180+2"]
[Date "2023.02.01"]
[WhiteClock "0:01:08"]
[BlackClock "0:00:01"]

1. e4 d6 2. d4 c6 3. Nc3 Qc7 4. f4 g6 5. Nf3 Bg7 6. Bc4 b5 7. Bb3 a5 8. a4 b4 9. Ne2 Nf6 10. e5 Nd5 11. O-O O-O 12. Ng3 h6 13. f5 Bxf5 14. Nxf5 gxf5 15. Qe1 dxe5 16. Nxe5 Nd7 17. Rxf5 Nxe5 18. dxe5 e6 19. Rh5 f5 20. Bxh6 Rf7 21. Bxg7 Rxg7 22. Qh4 Qa7+ 23. Kh1 Rf8 24. Bxd5 1-0


[Site "https://www.chess.com"]

[Event "Titled Tuesday Blitz January 31 Late 2023"]
[White "Papayan, Oleg"]
[Black "Real_OceanStorm"]
[WhiteFideId "4193911"]
[WhiteElo "2253"]
[BlackElo "2671"]
[Result "1-0"]
[Round "11"]
[TimeControl "180+2"]
[Date "2023.02.01"]
[WhiteClock "0:00:20"]
[BlackClock "0:00:28"]

1. e4 c5 2. Nf3 Nc6 3. Bb5 d6 4. d4 Nf6 5. Nc3 cxd4 6. Qxd4 Bd7 7. Bxc6 bxc6 8. Bg5 c5 9. Qd3 h6 10. Bxf6 gxf6 11. O-O Rg8 12. Nd5 Bc6 13. c4 h5 14. Rad1 a5 15. Rfe1 Ba4 16. b3 Bd7 17. Nh4 a4 18. f4 axb3 19. axb3 Ra2 20. Rd2 Qa5 21. Red1 Rxd2 22. Qxd2 Qxd2 23. Rxd2 Bc6 24. Ra2 Bxd5 25. exd5 e6 26. Ra8+ Ke7 27. Ra7+ Ke8 28. Ra8+ Kd7 29. Kf2 f5 30. Nf3 exd5 31. cxd5 Ke7 32. Ng5 Kf6 33. Nh7+ Kg7 34. Nxf8 Rxf8 35. Rxf8 Kxf8 36. Kg3 Kg7 37. Kh4 Kg6 38. h3 Kh6 39. Kg3 Kg7 40. Kh4 Kg6 41. Kg3 Kg7 42. Kh4 Kg6 43. Kg3 f6 44. Kf3 h4 45. Ke3 Kf7 46. Kd3 Ke7 47. Kc4 Kd7 48. Kb5 Kc7 49. Ka6 Kc8 50. Kb6 Kd7 51. Kb7 Kd8 52. Kc6 Ke7 53. Kc7 Ke8 54. Kxd6 Kd8 55. Kxc5 Kc7 56. d6+ Kd7 57. Kd5 Kd8 58. Ke6 Ke8 59. Kxf6 Kd7 60. Kxf5 Kxd6 61. Kg4 Ke6 62. Kxh4 Kf6 63. Kg4 Kg6 64. h4 Kg7 65. g3 Kh7 66. h5 Kg7 67. b4 Kh7 68. b5 Kg7 69. f5 Kh7 70. Kh4 Kg7 71. g4 Kh7 72. g5 Kg7 73. b6 Kh7 74. f6 1-0


[Site "https://www.chess.com"]

[Event "Titled Tuesday Blitz January 31 Late 2023"]
[White "Kochetov, Andrey"]
[Black "Chor, Kevin"]
[WhiteFideId "24130532"]
[BlackFideId "2090740"]
[WhiteElo "2165"]
[BlackElo "1944"]
[Result "0-1"]
[Round "11"]
[TimeControl "180+2"]
[Date "2023.02.01"]
[WhiteClock "0:01:37"]
[BlackClock "0:01:31"]

1. e4 c5 2. Nf3 g6 3. d4 cxd4 4. Nxd4 Bg7 5. c4 Nc6 6. Be3 Nf6 7. Nc3 O-O 8. Be2 d6 9. f3 Bd7 10. Nc2 Rc8 11. O-O a6 12. Qd2 Ne5 13. b3 Qc7 14. Rac1 b5 15. Nd4 bxc4 16. bxc4 e6 17. h3 Rfd8 18. f4 Nxc4 19. Bxc4 Qxc4 20. Nd5 Nxe4 21. Ne7+ Kf8 22. Qd1 Bxd4 23. Rxc4 Bxe3+ 24. Kh2 Rxc4 25. Qd3 Kxe7 26. Qxc4 Nd2 0-1


[Site "https://www.chess.com"]

[Event "Titled Tuesday Blitz January 31 Late 2023"]
[White "Bambino Filho, Antonio Carlos"]
[Black "Rosen, Eric"]
[WhiteFideId "2113163"]
[BlackFideId "2032562"]
[WhiteElo "2144"]
[BlackElo "2349"]
[Result "0-1"]
[Round "11"]
[TimeControl "180+2"]
[Date "2023.02.01"]
[WhiteClock "0:00:07"]
[BlackClock "0:00:06"]

1. c4 e5 2. Nc3 Nf6 3. g3 Nc6 4. Bg2 Bc5 5. e3 d5 6. cxd5 Nb4 7. d4 exd4 8. exd4 Be7 9. a3 Nbxd5 10. Nge2 O-O 11. O-O c6 12. Re1 Be6 13. h3 h6 14. Nf4 Nxf4 15. Bxf4 Re8 16. Qd2 Qd7 17. Kh2 Rad8 18. Rad1 Nd5 19. Ne4 Nb6 20. Nc5 Bxc5 21. dxc5 Qxd2 22. Rxd2 Rxd2 23. Bxd2 Na4 24. b4 Nb2 25. f4 Rd8 26. Bc3 Nc4 27. b5 Nxa3 28. bxc6 bxc6 29. Bxc6 Rc8 30. Ra1 Rxc6 31. Rxa3 Rxc5 32. g4 a6 33. Kg3 Rc6 34. Kf3 f6 35. Ke3 Bc4 36. Bd4 Bb5 37. Rc3 Re6+ 38. Kf3 Re7 39. f5 Rd7 40. Bb6 Kh7 41. Rc7 Rd3+ 42. Kg2 Rd2+ 43. Kg3 Rd3+ 44. Kg2 Rb3 45. Bc5 Bc4 46. Bf8 Bd5+ 47. Kh2 Rb2+ 48. Kg3 Rb3+ 49. Kh2 Rb7 50. Rxb7 Bxb7 51. Kg3 a5 52. Kf4 a4 53. Ba3 Bd5 54. h4 Kg8 55. g5 hxg5+ 56. hxg5 Kf7 57. g6+ Ke8 58. Ke3 Bb3 59. Kd4 Bc2 60. Kc5 Bxf5 61. Kb4 Bc2 62. Kc5 Bb3 63. Kd6 Bc2 64. Bb2 Bxg6 65. Kc5 Bc2 66. Kb4 Kf7 67. Kc3 Bb3 68. Kd2 g5 69. Ke3 Kg6 70. Kf3 f5 71. Bc1 f4 72. Ke4 Bc2+ 73. Kf3 Kf5 74. Kf2 g4 75. Ke2 Bb3 76. Kd3 Bd5 77. Ke2 Be4 78. Kf2 g3+ 79. Kg1 Kg4 80. Kf1 f3 81. Be3 Bd3+ 82. Kg1 a3 0-1


[Site "https://www.chess.com"]

[Event "Titled Tuesday Blitz January 31 Late 2023"]
[White "CheckBits"]
[Black "Musovic, Armin"]
[BlackFideId "939935"]
[WhiteElo "2478"]
[BlackElo "2261"]
[Result "0-1"]
[Round "11"]
[TimeControl "180+2"]
[Date "2023.02.01"]
[WhiteClock "0:00:04"]
[BlackClock "0:00:05"]

1. e4 c6 2. Nf3 d5 3. Nc3 dxe4 4. Nxe4 Nf6 5. Ng3 e5 6. Nxe5 Bd6 7. Nc4 Bc7 8. Be2 h5 9. d4 h4 10. Nf1 h3 11. g3 Qd5 12. Rg1 Qg2 13. Bf3 Qxg1 14. Qe2+ Be6 15. Bg5 Nbd7 16. O-O-O O-O-O 17. Nfe3 Qxh2 18. Rh1 Qxh1+ 19. Bxh1 Rde8 20. Qd3 Bd5 21. Nxd5 Re1+ 22. Kd2 Rxh1 23. Nxc7 Rd1+ 24. Kxd1 h2 25. Na6 h1=Q+ 26. Kd2 bxa6 27. Nd6+ Kc7 28. Bf4 Nd5 29. Qxa6 Nxf4 30. Nc4 Qd5 31. Qxa7+ Kd8 0-1


[Site "https://www.chess.com"]

[Event "Titled Tuesday Blitz January 31 Late 2023"]
[White "Kourkoulos-Arditis, Stamatis"]
[Black "Kouskoutis, Georgios-Alexandros"]
[WhiteFideId "4221990"]
[BlackFideId "4234049"]
[WhiteElo "2539"]
[BlackElo "2295"]
[Result "0-1"]
[Round "11"]
[TimeControl "180+2"]
[Date "2023.02.01"]
[WhiteClock "0:00:04"]
[BlackClock "0:00:03"]

1. e4 c5 2. Nf3 d6 3. d4 cxd4 4. Nxd4 Nf6 5. Nc3 g6 6. g3 Bg7 7. Bg2 O-O 8. O-O Bd7 9. h3 Nc6 10. Nde2 Rb8 11. Nd5 Ne8 12. a4 a6 13. a5 Be6 14. c3 Bxd5 15. exd5 Nxa5 16. Qa4 b6 17. Be3 Nc7 18. Nd4 Qe8 19. Qa2 Nb5 20. b4 Nxd4 21. bxa5 Nb5 22. axb6 Nxc3 23. Qxa6 Qb5 24. Qxb5 Nxb5 25. Rac1 Rb7 26. Rc6 Nd4 27. Rfc1 Rfb8 28. Kh2 h5 29. Rc8+ Kh7 30. Rxb8 Rxb8 31. Rc6 Nf5 32. Rc7 Nxe3 33. fxe3 Rxb6 34. Rxe7 Kg8 35. h4 Be5 36. Re8+ Kg7 37. Kh3 Rb3 38. g4 Rxe3+ 0-1


[Site "https://www.chess.com"]

[Event "Titled Tuesday Blitz January 31 Late 2023"]
[White "Cruz, William Ferreira Da"]
[Black "Liu, Eric"]
[WhiteFideId "2118050"]
[BlackFideId "30960240"]
[WhiteElo "2216"]
[BlackElo "2299"]
[Result "0-1"]
[Round "11"]
[TimeControl "180+2"]
[Date "2023.02.01"]
[WhiteClock "0:00:18"]
[BlackClock "0:00:40"]

1. d4 g6 2. c4 Bg7 3. Nc3 c5 4. Nf3 cxd4 5. Nxd4 Nc6 6. e3 Nf6 7. Be2 O-O 8. O-O d6 9. b3 Bd7 10. Bb2 a6 11. Rc1 Rc8 12. Qd2 Re8 13. Rfd1 Qa5 14. Bf3 Qb6 15. Nxc6 Bxc6 16. Nd5 Bxd5 17. cxd5 Nd7 18. Rxc8 Rxc8 19. Bg4 f5 20. Be2 Bxb2 21. Qxb2 Qc5 22. h4 Qc2 23. Rd2 Qxb2 24. Rxb2 Rc1+ 25. Kh2 b5 26. b4 Nb6 27. Rd2 Rb1 28. a3 Rb3 29. Rd3 Rxd3 30. Bxd3 Nxd5 31. Kg3 e5 32. a4 Nc7 33. axb5 axb5 34. f4 e4 35. Be2 Kf7 36. Kf2 Ke6 37. h5 Kd7 38. hxg6 hxg6 39. g4 Kc6 40. Kg3 Nd5 41. Kh4 Nxe3 42. Kg5 fxg4 43. Kh4 d5 44. Kg3 d4 0-1


[Site "https://www.chess.com"]

[Event "Titled Tuesday Blitz January 31 Late 2023"]
[White "Drnovsek, Gal"]
[Black "Goroshkov, Maksym"]
[WhiteFideId "14607077"]
[BlackFideId "14142716"]
[WhiteElo "2397"]
[BlackElo "2287"]
[Result "0-1"]
[Round "11"]
[TimeControl "180+2"]
[Date "2023.02.01"]
[WhiteClock "0:00:48"]
[BlackClock "0:01:08"]

1. e4 e5 2. Nf3 d6 3. d4 Bg4 4. Be2 Nd7 5. Nc3 Ngf6 6. Be3 Be7 7. h3 Bxf3 8. gxf3 c6 9. Rg1 g6 10. f4 Qc7 11. Qd2 exd4 12. Bxd4 Nf8 13. e5 dxe5 14. fxe5 Nd5 15. Nxd5 cxd5 16. e6 f6 17. Bb5+ Kd8 18. Bxf6 Bxf6 19. Qxd5+ Ke7 20. O-O-O Rd8 21. Qb3 Nxe6 22. Rde1 Rd6 23. Bc4 Qb6 24. Bxe6 Rxe6 25. Rxe6+ Qxe6 26. Qxb7+ Kf8 27. Qa8+ Kg7 28. Qxa7+ Qe7 29. Qxe7+ Bxe7 30. c3 Bc5 31. b4 Bxf2 32. Rf1 Rf8 33. Kc2 g5 34. a4 h5 35. a5 g4 36. b5 g3 37. Kb3 g2 38. Rd1 g1=Q 39. Rxg1+ Bxg1 40. Kb4 Rf6 41. b6 Bxb6 42. axb6 Rxb6+ 43. Kc5 Rb3 44. c4 Rxh3 0-1


[Site "https://www.chess.com"]

[Event "Titled Tuesday Blitz January 31 Late 2023"]
[White "Kaplan, Avi Harrison"]
[Black "Kavutskiy, Konstantin"]
[WhiteFideId "30934559"]
[BlackFideId "2026384"]
[WhiteElo "2146"]
[BlackElo "2414"]
[Result "1-0"]
[Round "11"]
[TimeControl "180+2"]
[Date "2023.02.01"]
[WhiteClock "0:00:05"]
[BlackClock "0:00:04"]

1. b4 Nf6 2. Nf3 g6 3. Bb2 Bg7 4. c4 O-O 5. e3 a5 6. a3 axb4 7. axb4 Rxa1 8. Bxa1 d5 9. cxd5 Nxd5 10. Bxg7 Kxg7 11. Qb3 Nc6 12. b5 Na5 13. Qb2+ f6 14. Be2 e5 15. O-O Be6 16. Rc1 b6 17. Nc3 Qd6 18. Ne4 Qd7 19. Qc2 h6 20. Nc3 Rc8 21. Nh4 Bf7 22. Bf3 Nxc3 23. Qxc3 Nb3 24. Bc6 Qxd2 25. Qxd2 Nxd2 26. Rd1 Rd8 27. Re1 Be6 28. h3 Bc4 29. Ra1 Be6 30. Ra7 Rc8 31. Bb7 Rf8 32. Bc6 Rf7 33. Be8 Re7 34. Bxg6 e4 35. Bf5 Kf7 36. Ra8 Rd7 37. Rh8 Bxf5 38. Nxf5 Ke6 39. Nxh6 Nb1 40. Re8+ Kd5 41. Nf5 Nc3 42. h4 Nxb5 43. h5 Nd6 44. Nxd6 Rxd6 45. h6 Rd7 46. Rf8 Ke5 47. Re8+ Kf5 48. Rh8 b5 49. Kh2 Kg6 50. Rb8 c6 51. Rc8 Rd6 52. Rh8 b4 53. h7 Kg7 54. Rb8 Kxh7 55. Rxb4 f5 56. Rc4 Kg6 57. Rc5 Kf6 58. Kg3 1-0


[Site "https://www.chess.com"]

[Event "Titled Tuesday Blitz January 31 Late 2023"]
[White "Pasti, Aron"]
[Black "Kujawski, Adam"]
[WhiteFideId "785857"]
[BlackFideId "1100920"]
[WhiteElo "2361"]
[BlackElo "2173"]
[Result "1-0"]
[Round "11"]
[TimeControl "180+2"]
[Date "2023.02.01"]
[WhiteClock "0:01:04"]
[BlackClock "0:00:06"]

1. e4 e5 2. Nf3 Nc6 3. Bb5 a6 4. Ba4 Nf6 5. O-O Be7 6. Re1 b5 7. Bb3 O-O 8. d4 d6 9. c3 Bg4 10. d5 Na5 11. Bc2 c6 12. h3 Bc8 13. b4 Nc4 14. dxc6 Qc7 15. a4 Qxc6 16. axb5 axb5 17. Rxa8 Qxa8 18. Nbd2 Nxd2 19. Bxd2 Be6 20. Bd3 Rb8 21. Qa1 Qb7 22. Qb2 h6 23. Nh4 Ra8 24. Nf5 Ra2 25. Qc1 Bxf5 26. exf5 Qd5 27. Bc2 e4 28. Qd1 Nd7 29. Bb3 Qxd2 30. Bxa2 Qxa2 31. Rxe4 Ne5 32. f4 Bh4 33. fxe5 Qf2+ 34. Kh1 dxe5 35. Rxe5 Bg3 36. Rd5 Bf4 37. Rd3 Be3 38. f6 gxf6 39. Qg4+ Kh7 40. Qe4+ f5 41. Qxe3 Qf1+ 42. Kh2 f4 43. Qe4+ Kg7 44. Rf3 1-0


[Site "https://www.chess.com"]

[Event "Titled Tuesday Blitz January 31 Late 2023"]
[White "Omelja, Artem"]
[Black "Kostiukov, Alexandr"]
[WhiteFideId "14119846"]
[BlackFideId "14108100"]
[WhiteElo "2446"]
[BlackElo "2271"]
[Result "0-1"]
[Round "11"]
[TimeControl "180+2"]
[Date "2023.02.01"]
[WhiteClock "0:00:06"]
[BlackClock "0:00:11"]

1. e4 c5 2. Nf3 g6 3. c3 Bg7 4. d4 cxd4 5. cxd4 d5 6. e5 Nc6 7. Bb5 Bg4 8. h3 Bxf3 9. Qxf3 Nh6 10. Nc3 Nf5 11. Be3 O-O 12. Bxc6 bxc6 13. g4 Nxe3 14. fxe3 f6 15. e6 Qd6 16. e4 Qxe6 17. O-O-O dxe4 18. Qxe4 Qxe4 19. Nxe4 f5 20. gxf5 gxf5 21. Nc5 Rf6 22. Rhg1 Kf7 23. Rdf1 Rd8 24. Nb3 e6 25. Kc2 Rg6 26. Rxg6 hxg6 27. Rd1 e5 28. dxe5 Rxd1 29. Kxd1 Bxe5 30. Na5 Bxb2 31. Nxc6 a6 32. Ke2 Ke6 33. Kf3 Be5 34. Ke3 Kd6 35. Nb4 a5 36. Nd3 g5 37. Kf3 Kd5 38. Ne1 Kd4 39. Nc2+ Kc3 40. Ne3 f4 41. Nd5+ Kb2 42. a4 Kb3 43. Ke4 Kxa4 44. Kxe5 f3 45. Ke4 f2 46. Ne3 Kb3 47. Kf3 a4 48. Kxf2 a3 49. Kf3 a2 50. Kg4 a1=Q 51. Kxg5 Qc1 52. Kf4 Qh1 53. Kg3 Qg1+ 54. Ng2 Kc4 55. h4 Kd4 56. Kf3 Qf1+ 57. Kg3 Ke4 58. h5 Qf3+ 59. Kh2 Qxh5+ 60. Kg3 Qg5+ 61. Kf2 Qg4 62. Ne1 Qf4+ 63. Kg2 Qd2+ 64. Kf1 Kf4 65. Ng2+ Kg3 66. Ne3 Qd3+ 0-1


[Site "https://www.chess.com"]

[Event "Titled Tuesday Blitz January 31 Late 2023"]
[White "Szente Varga, Fruzsina"]
[Black "ArchibaldCerveza29"]
[WhiteFideId "712264"]
[WhiteElo "2075"]
[BlackElo "2532"]
[Result "0-1"]
[Round "11"]
[TimeControl "180+2"]
[Date "2023.02.01"]
[WhiteClock "0:00:14"]
[BlackClock "0:01:34"]

1. e4 e5 2. Nf3 Nc6 3. Bb5 g6 4. O-O Bg7 5. c3 a6 6. Ba4 Nge7 7. d4 exd4 8. cxd4 b5 9. Bb3 O-O 10. Bg5 h6 11. Be3 d6 12. Qd2 Kh7 13. Nc3 Bg4 14. Ne1 Na5 15. Bc2 Nc4 16. Qc1 Nc6 17. b3 Nxe3 18. fxe3 Nxd4 19. Bd1 Bxd1 20. Qxd1 Ne6 21. Rc1 Qg5 22. Nd5 c6 23. Nf3 Qg4 24. Rxc6 Qxe4 25. Rxd6 Rad8 26. Ne7 Qxe3+ 27. Kh1 Rxd6 28. Qxd6 Rd8 29. Qxa6 Qc5 30. Nc6 Rd6 31. Nfe5 Bxe5 32. Rxf7+ Bg7 0-1


[Site "https://www.chess.com"]

[Event "Titled Tuesday Blitz January 31 Late 2023"]
[White "Lucassen, Mickey"]
[Black "Ibadov, Dashgyn"]
[WhiteFideId "12919110"]
[BlackFideId "24107514"]
[WhiteElo "2023"]
[BlackElo "2391"]
[Result "0-1"]
[Round "11"]
[TimeControl "180+2"]
[Date "2023.02.01"]
[WhiteClock "0:00:20"]
[BlackClock "0:00:32"]

1. d4 d5 2. Nc3 Nf6 3. Bf4 a6 4. e3 e6 5. g4 Bb4 6. f3 c5 7. a3 Bxc3+ 8. bxc3 O-O 9. h4 Nc6 10. h5 Qa5 11. Qd2 e5 12. dxe5 Nd7 13. c4 Qxd2+ 14. Kxd2 dxc4 15. Bxc4 Ndxe5 16. Be2 Rd8+ 17. Kc3 b5 18. Rd1 Be6 19. Nh3 b4+ 20. axb4 cxb4+ 21. Kb2 a5 22. Ng5 Bc4 23. Bxc4 Nxc4+ 24. Kb3 Nb6 25. Bc7 a4+ 26. Ka2 Rxd1 27. Rxd1 Nc4 28. e4 b3+ 29. cxb3 Nb4+ 30. Kb1 axb3 31. Rd4 Nc2 32. Rxc4 Na3+ 33. Kb2 Nxc4+ 34. Kxb3 h6 35. Kxc4 hxg5 36. Kd3 f6 37. f4 Rc8 38. Bd6 Rd8 0-1


[Site "https://www.chess.com"]

[Event "Titled Tuesday Blitz January 31 Late 2023"]
[White "Alfaro, William"]
[Black "Ehlvest, Jaan"]
[WhiteFideId "6100457"]
[BlackFideId "4500016"]
[WhiteElo "2134"]
[BlackElo "2530"]
[Result "0-1"]
[Round "11"]
[TimeControl "180+2"]
[Date "2023.02.01"]
[WhiteClock "0:02:17"]
[BlackClock "0:02:04"]

1. e4 c5 2. Nf3 Nc6 3. d4 cxd4 4. Nxd4 Nf6 5. Nc3 e5 6. Ndb5 d6 7. Bg5 a6 8. Na3 b5 9. Bxf6 gxf6 10. Nd5 f5 11. c3 Bg7 12. Bd3 Be6 13. Nc2 Bxd5 14. exd5 Ne7 15. O-O h5 16. Ne3 e4 17. Be2 f4 18. Nc2 Ng6 19. a4 Rb8 20. axb5 axb5 21. Nb4 Qg5 22. Kh1 Be5 23. f3 Nh4 24. Rg1 Nf5 25. Nc6 Ng3+ 26. hxg3 fxg3 27. Re1 Qh4+ 28. Kg1 Qh2+ 29. Kf1 Qh1# 0-1


[Site "https://www.chess.com"]

[Event "Titled Tuesday Blitz January 31 Late 2023"]
[White "Womacka, Mathias"]
[Black "Torres Dominguez, David"]
[WhiteFideId "4611390"]
[BlackFideId "2220857"]
[WhiteElo "2396"]
[BlackElo "1994"]
[Result "1-0"]
[Round "11"]
[TimeControl "180+2"]
[Date "2023.02.01"]
[WhiteClock "0:00:02"]
[BlackClock "0:00:02"]

1. e4 Nc6 2. Nf3 e5 3. Bb5 Nge7 4. Nc3 g6 5. d4 exd4 6. Nd5 Bg7 7. Bg5 h6 8. Bf6 Bxf6 9. Nxf6+ Kf8 10. O-O a6 11. Bxc6 Nxc6 12. Nd5 Kg7 13. Nxd4 d6 14. Nxc6 bxc6 15. Qd4+ f6 16. Ne3 c5 17. Qc3 Bb7 18. f3 Qe7 19. Rad1 Qe5 20. Qa5 Qe7 21. Nd5 Bxd5 22. Rxd5 Rab8 23. b3 Rhe8 24. Rfd1 c4 25. Qxa6 cxb3 26. axb3 Qd7 27. Qc4 Rb7 28. Qd4 Reb8 29. h3 Rb4 30. Qc3 Qe7 31. Ra1 R4b7 32. Ra6 Rb6 33. Rxb6 Rxb6 34. Ra5 Rb7 35. Ra8 c5 36. Qc4 Qf7 37. Qxf7+ Kxf7 38. Kf2 h5 39. Ke3 Rb4 40. h4 Rd4 41. Ra7+ Ke6 42. Rg7 Rd1 43. Rxg6 Rh1 44. g3 Rh2 45. Kd3 Rf2 46. f4 Rf3+ 47. Kc4 Re3 48. Rh6 Rxe4+ 49. Kb5 Re3 50. Rxh5 Rxg3 51. Rh8 Rg4 52. c3 Rxf4 53. b4 cxb4 54. cxb4 d5 55. Kc5 Rc4+ 56. Kb5 f5 57. h5 Rh4 58. Kc5 f4 59. b5 Kd7 60. Kxd5 f3 61. Kc5 f2 62. Rf8 Rxh5+ 63. Kb6 Rh6+ 64. Kb7 Rh2 65. b6 Ke7 66. Rf3 Kd8 67. Kb8 Kd7 68. b7 Rh8+ 69. Ka7 Kc6 70. b8=Q 1-0


[Site "https://www.chess.com"]

[Event "Titled Tuesday Blitz January 31 Late 2023"]
[White "Slater-Jones, Henry"]
[Black "Ronka, Erik"]
[WhiteFideId "3222101"]
[BlackFideId "505080"]
[WhiteElo "1826"]
[BlackElo "2276"]
[Result "1-0"]
[Round "11"]
[TimeControl "180+2"]
[Date "2023.02.01"]
[WhiteClock "0:01:24"]
[BlackClock "0:00:34"]

1. d4 f5 2. c4 e6 3. Nc3 Nf6 4. g3 Be7 5. Bg2 O-O 6. Nf3 d6 7. O-O Ne4 8. Qc2 Nxc3 9. Qxc3 Bf6 10. Rd1 Qe7 11. Qc2 e5 12. dxe5 dxe5 13. c5 Nc6 14. Rb1 a5 15. a3 a4 16. Be3 Be6 17. Nd2 f4 18. gxf4 exf4 19. Bxf4 Bd4 20. Bg3 Bf5 21. Be4 Qg5 22. Nf3 Qg4 23. Bxf5 Rxf5 24. Nxd4 Nxd4 25. Rxd4 1-0


[Site "https://www.chess.com"]

[Event "Titled Tuesday Blitz January 31 Late 2023"]
[White "Villarreal, Agustin"]
[Black "Migot, Tangi"]
[WhiteFideId "125687"]
[BlackFideId "662445"]
[WhiteElo "2299"]
[BlackElo "2373"]
[Result "1-0"]
[Round "11"]
[TimeControl "180+2"]
[Date "2023.02.01"]
[WhiteClock "0:00:21"]
[BlackClock "0:00:19"]

1. d4 Nf6 2. Nf3 g6 3. c4 Bg7 4. Nc3 O-O 5. e4 d6 6. h3 c5 7. d5 e6 8. Bd3 exd5 9. cxd5 b5 10. Bxb5 Nxe4 11. Nxe4 Qa5+ 12. Nfd2 Qxb5 13. Nxd6 Qa6 14. N2c4 Nd7 15. O-O Ne5 16. Nxe5 Bxe5 17. Ne4 Bf5 18. Nxc5 Qd6 19. Be3 Rab8 20. g4 Bc8 21. Rb1 Rxb2 22. Rxb2 Bxb2 23. Qb3 Bg7 24. Rd1 h5 25. Qc4 hxg4 26. hxg4 Re8 27. Kg2 f5 28. gxf5 gxf5 29. Qf4 Qg6+ 30. Qg3 Qxg3+ 31. Kxg3 Be5+ 32. Bf4 Bxf4+ 33. Kxf4 Re2 34. d6 Rxf2+ 35. Ke5 Rc2 36. Kd5 f4 37. Rb1 f3 38. d7 Bxd7 39. Nxd7 Rxa2 40. Ne5 f2 41. Rf1 Kg7 42. Ng4 Kg6 43. Nxf2 Kg5 44. Ne4+ Kg4 45. Ke5 Ra5+ 46. Kd4 Ra4+ 47. Ke3 Ra3+ 48. Kd2 Rf3 49. Nf6+ Kf4 50. Nd5+ Ke4 51. Nc3+ Kf4 52. Ne2+ Kg4 53. Rg1+ Kh4 54. Rb1 Ra3 55. Rb4+ Kg5 56. Ke1 a5 57. Rb5+ Kf6 58. Kd2 Ke6 59. Nd4+ Kd6 60. Nc2 Ra2 61. Kc3 Kc6 62. Rh5 Kb6 63. Kb3 Rxc2 64. Kxc2 1-0


[Site "https://www.chess.com"]

[Event "Titled Tuesday Blitz January 31 Late 2023"]
[White "O`Gorman, Tom"]
[Black "Sanchez, Robert"]
[WhiteFideId "2508249"]
[BlackFideId "2034360"]
[WhiteElo "2355"]
[BlackElo "1966"]
[Result "1-0"]
[Round "11"]
[TimeControl "180+2"]
[Date "2023.02.01"]
[WhiteClock "0:01:04"]
[BlackClock "0:00:13"]

1. e4 e6 2. d4 d5 3. Bd3 dxe4 4. Bxe4 Nf6 5. Bf3 c5 6. Ne2 Be7 7. Nbc3 O-O 8. Be3 cxd4 9. Nxd4 a6 10. Qe2 e5 11. Nb3 Nc6 12. Rd1 Qc7 13. g4 Be6 14. g5 Nd7 15. Bg4 Nb4 16. Bxe6 fxe6 17. a3 Qc6 18. Rg1 Nd5 19. Na5 Qc7 20. Nxd5 exd5 21. Rxd5 b5 22. Nb3 Nb6 23. Bxb6 Qxb6 24. h4 a5 25. h5 a4 26. Nd2 Bc5 27. Ne4 Bd4 28. c3 Qc6 29. Qxb5 Qc8 30. Qd7 Qc4 31. Qe6+ Kh8 32. h6 Qd3 33. hxg7+ Kxg7 34. Rd7+ Kh8 35. Rxh7+ Kxh7 36. Qh6+ Kg8 37. Qg6+ Kh8 38. Rh1+ 1-0


[Site "https://www.chess.com"]